Cogmind - Beta 17 @@@ ROGUE MODE // 2026.07.10 @ 12:50:42 Player: Mediocre Result: Establishing 0b11! Performance ------------- Evolutions (9) 4500 Regions Visited (25) 5000 Robots Destroyed (448) 2240 Value Destroyed (26020) 26020 Prototype IDs (370) 7400 Alien Tech Used (0) 0 Bonus (53637) 53637 TOTAL SCORE: 98797 Bonus ------- High Alert Combat Kills 3218 Follower Combat Kills 5292 Prayed to X0-1V1 5000 Major X0-1V1 Interference 10450 Entered Garrisons 1800 Used RIF Installer 4500 Destroyed MAIN.C Guards 500 Met MAIN.C 5000 Destroyed MAIN.C Shell 5000 Destroyed MAIN.C 10000 Win 3000 Friendly Fire -123 Cogmind --------- Core Integrity 859/1550 Matter 270/900 Energy 609/630 System Corruption 19% Temperature Cool (16) Movement Treading (166) Location 0b11 Command Parts ------- > --- POWER (3) -------- Improved Quantum Reactor Zero-point Reactor Zero-point Reactor > --- PROPULSION (7) --- Armored Heavy Treads Armored Heavy Treads Advanced Heavy Siege Treads > --- UTILITY (10) ----- Experimental Heat Sink Large Storage Unit Experimental Optical Array Experimental Targeting Computer Experimental Targeting Computer Experimental Core Analyzer Experimental Core Analyzer Advanced Kinecellerator Centrium Light Armor Plating X0-1V1's Piety Tracker > --- WEAPON (5) ------- Helical Railgun Multirail Multirail Enhanced Hardcell Cannon Enhanced Hardcell Cannon > --- INVENTORY (15) --- Myomer Leg Experimental Coolant Injector YI-UF0's Bottomless Matter Pit (1500) Graphene Brace Transdimensional Reconstructor Guided Remote Datajack Plasma Cutter Plasma Lance Peak State ------------ > --- POWER ------------ Improved Quantum Reactor Zero-point Reactor Zero-point Reactor > --- PROPULSION ------- Armored Heavy Treads Armored Heavy Treads Advanced Heavy Siege Treads > --- UTILITY ---------- Experimental Heat Sink Large Storage Unit Experimental Optical Array Experimental Targeting Computer Experimental Targeting Computer Experimental Core Analyzer Experimental Core Analyzer Advanced Kinecellerator Centrium Light Armor Plating X0-1V1's Piety Tracker > --- WEAPON ----------- Helical Railgun Multirail Multirail Enhanced Hardcell Cannon Enhanced Hardcell Cannon > --- INVENTORY -------- Light Quantum Reactor Myomer Leg Advanced Heat Sink Experimental Coolant Injector YI-UF0's Bottomless Matter Pit Improved Reaction Control System Advanced Phase Shifter Graphene Brace Enhanced Quantum Rifle Enhanced Quantum Rifle Linear Accelerator Guided Remote Datajack Plasma Cutter Plasma Lance Botcube [Rating: 223] Favorites ----------- Power Zero-point Reactor Engine Light Deuterium Engine Power Core Light Fission Core Reactor Zero-point Reactor Propulsion Light Treads Treads Light Treads Leg Aluminum Leg Wheel Armored Huge Wheel Utility X0-1V1's Piety Tracker Device X0-1V1's Piety Tracker Storage Large Storage Unit Processor Experimental Core Analyzer Hackware Relay Coupler [C] Protection Centrium Light Armor Plating Weapon Coil Gun Energy Gun Gatling Laser Energy Cannon Enhanced Nova Cannon Ballistic Gun Coil Gun Ballistic Cannon Enhanced Hardcell Cannon Launcher Grenade Launcher Special Weapon Advanced Remote Datajack Impact Weapon Thunder Hammer Slashing Weapon Katana Piercing Weapon Plasma Lance Special Melee Weapon Advanced Datajack Build | -11 -10 -9 -9 -8 -8 -8 -8 -7 -7 -7 -7 -7 -7 -6 -6 -5 -5 -4 -4 -3 -3 -2 -2 -1 -1 ------- Run | Yrd Mat Mat Min Mat Gar Mat Gar Fac Gar Fac Gar Fac Gar Fac Gar Fac Gar Fac Gar Res Arm Res Gar Acc Com Slots Evolved 18 | . . 2 . 2 . . . 2 . . . . . 2 . 2 . 2 . 2 . 2 . 2 . Power 1 | . . . . . . . . . . . . . . . . . . . . . . . . 1 . Propulsion 6 | . . 1 . 1 . . . . . . . . . 1 . . . 2 . . . . . 1 . Utility 7 | . . . . . . . . 1 . . . . . 1 . 2 . . . 2 . 1 . . . Weapon 4 | . . 1 . 1 . . . 1 . . . . . . . . . . . . . 1 . . . Parts Attached 306 | 4 10 11 5 23 5 9 15 9 16 4 9 8 7 8 7 9 17 11 18 12 25 3 15 10 36 Power 36 | . 1 2 . 1 1 . 2 1 2 1 2 1 2 1 2 1 4 1 2 2 1 1 1 . 4 Engine 10 | . 1 2 . 1 . . . 1 1 . 1 1 . . 1 . 1 . . . . . . . . Core 11 | . . . . . 1 . 2 . 1 1 1 . 2 1 . . 2 . . . . . . . . Reactor 15 | . . . . . . . . . . . . . . . 1 1 1 1 2 2 1 1 1 . 4 Propulsion 71 | 2 2 5 . 9 1 4 3 2 6 1 1 2 4 1 . . 2 2 5 5 5 . 2 3 4 Treads 67 | 2 2 5 . 9 1 4 1 2 4 1 1 2 4 1 . . 2 2 5 5 5 . 2 3 4 Leg 2 | . . . . . . . 2 . . . . . . . . . . . . . . . . . . Wheel 2 | . . . . . . . . . 2 . . . . . . . . . . . . . . . . Hover . | . . . . . . . . . . . . . . . . . . . . . . . . . . Flight . | . . . . . . . . . . . . . . . . . . . . . . . . . . Utility 91 | . 3 2 2 5 . 2 2 4 3 2 1 3 . 4 1 4 4 2 9 4 6 1 8 4 15 Device 36 | . 1 2 1 3 . 1 2 2 1 . . . . 1 . 2 1 1 3 . 4 1 3 . 7 Storage 8 | . 2 . 1 . . . . 1 1 . . . . . . . . 1 1 . . . . . 1 Processor 12 | . . . . . . . . 1 . . . 1 . . . 2 . . . . 2 . 2 . 4 Hackware 24 | . . . . . . 1 . . 1 1 . 1 . 2 1 . 3 . 5 2 . . 2 3 2 Protection 11 | . . . . 2 . . . . . 1 1 1 . 1 . . . . . 2 . . 1 1 1 Artifact . | . . . . . . . . . . . . . . . . . . . . . . . . . . Weapon 108 | 2 4 2 3 8 3 3 8 2 5 . 5 2 1 2 4 4 7 6 2 1 13 1 4 3 13 Energy Gun 26 | 2 . . . 6 2 2 3 1 2 . . . . . 1 . 1 3 . . 2 . . . 1 Energy Cannon 6 | . . . . . . . . . . . . . . 1 1 . . . . . 2 1 . . 1 Ballistic Gun 53 | . 3 1 3 1 . . 4 1 2 . 3 2 1 1 2 2 3 3 1 1 6 . 3 3 7 Ballistic Cannon 5 | . 1 . . . . . . . . . 1 . . . . . . . . . 2 . . . 1 Launcher 4 | . . 1 . 1 . . 1 . . . . . . . . 1 . . . . . . . . . Special Weapon 9 | . . . . . . . . . 1 . 1 . . . . . 3 . . . 1 . 1 . 2 Impact Weapon . | . . . . . . . . . . . . . . . . . . . . . . . . . . Slashing Weapon 2 | . . . . . 1 . . . . . . . . . . 1 . . . . . . . . . Piercing Weapon 1 | . . . . . . . . . . . . . . . . . . . 1 . . . . . . Special Melee Weapon 2 | . . . . . . 1 . . . . . . . . . . . . . . . . . . 1 Unidentified Prototypes 33 | . . 1 1 1 . . . . . . . . . . . 6 . 8 1 1 . . 2 1 11 Parts Lost 86 | . . 2 3 7 2 3 7 1 5 . 2 . . 3 3 . 1 1 3 5 9 . 3 3 23 Power 11 | . . 1 . . 1 . 1 . 1 . 1 . . 2 . . . . . . 2 . . . 2 Propulsion 22 | . . . . . . 1 5 1 2 . 1 . . . 1 . 1 . 1 2 1 . 1 . 5 Utility 20 | . . 1 . 2 . 1 1 . . . . . . 1 . . . 1 2 . 4 . 1 2 4 Weapon 33 | . . . 3 5 1 1 . . 2 . . . . . 2 . . . . 3 2 . 1 1 12 Highest Loss Streak 19 | . . 1 3 6 2 3 2 1 4 . 1 . . 3 2 . 1 1 1 1 6 . 1 1 19 To Critical Strikes 2 | . . . . . . . . 1 . . . . . . . . . . . 1 . . . . . Average Backups 19 | 1 11 14 14 14 14 14 14 14 18 17 17 17 18 18 23 25 24 24 26 26 27 23 27 28 17 Power . | . . . . . . 1 . 1 . . . . . . . 1 . . . . . . . 1 . Propulsion 2 | . 3 5 6 5 3 2 1 . 1 3 3 2 3 2 2 3 2 . 1 2 2 2 1 1 . Utility 9 | . 1 3 2 3 4 4 6 7 8 7 7 7 8 10 12 12 14 16 17 16 14 14 15 16 9 Weapon 5 | . 6 4 3 3 4 5 5 4 5 4 4 5 3 3 5 7 5 5 5 5 6 4 8 8 4 Tool/Special . | . . . . . . . . . . . . . . . . . . . . . . . . . . Unused Backups 94 | . . 5 1 3 2 . 4 1 3 2 5 . 5 . 5 . 3 2 3 1 6 . 7 1 35 Power 4 | . . . . . . . . . . . . . . . 1 . . . . . 1 . . . 2 Propulsion 17 | . . . 1 1 1 . . 1 1 . . . . . 1 . . . . 1 3 . . . 7 Utility 47 | . . 2 . . 1 . 2 . 1 1 3 . 3 . 3 . 2 1 3 . . . 5 . 20 Weapon 22 | . . 3 . 2 . . 2 . 1 1 2 . 1 . . . 1 . . . 1 . 2 1 5 Tool/Special 4 | . . . . . . . . . . . . . 1 . . . . 1 . . 1 . . . 1 Average Slot Usage (%) 86 | . 98 98 98 94 99 98 84 94 88 85 91 77 90 81 85 85 88 93 83 82 76 75 76 71 76 Engine 3 | . 13 10 11 9 6 . . 5 5 . 3 7 2 . 5 2 . . . . . . . . . Core 2 | . . . . . 1 9 5 . 1 9 10 1 11 10 3 . 5 6 2 . . . . . . Reactor 2 | . . . . . . . . . . . . . . . 2 7 4 3 7 9 5 3 4 4 9 Treads 19 | . 28 33 32 30 36 36 22 21 17 14 14 8 15 13 12 11 13 25 18 18 15 13 13 12 11 Device 12 | . 13 10 9 11 18 16 15 20 14 14 15 13 7 4 6 9 10 10 11 9 7 11 16 12 10 Storage 6 | . 13 11 11 9 9 9 8 7 7 7 7 7 7 6 6 5 5 5 5 4 4 4 4 4 4 Processor 3 | . . . . . . . . 1 7 . . . . . . 4 2 . . . 1 8 6 8 16 Hackware 4 | . . . . . . . . . . . . 2 7 11 13 11 10 10 9 12 9 8 8 10 3 Protection 1 | . . . . 3 . . . . . 6 7 2 . . . . 2 5 . 2 5 . . . 3 Energy Gun 5 | . 3 . . 11 17 24 19 5 11 15 6 . . . 5 5 . 5 11 10 1 4 1 . . Energy Cannon 1 | . . . . . . . . . . . . . . . . 1 2 . . . 4 12 8 6 . Ballistic Gun 16 | . 24 32 33 14 . . 4 20 15 14 22 23 37 29 25 17 24 17 12 9 15 . 5 9 9 Ballistic Cannon 1 | . . . . 4 8 2 . . . . 1 6 . . . . . . . . 1 8 3 . 5 Peak Build Rating 223 | 4 11 27 28 42 45 48 53 56 89 85 85 77 75 95 108 131 130 143 152 166 180 180 195 187 223 Average Rating 102 | 2 9 26 26 35 42 44 45 51 66 77 80 70 73 88 102 121 122 133 144 157 164 175 181 181 203 On Entrance 86 | . 4 11 27 27 42 45 45 43 53 82 80 77 69 75 90 108 126 119 139 147 163 149 180 182 178 Avg Prop Armor Cover (%) 8 | 29 26 . . . . . 9 4 14 . . . . . . . . . . . . . . . . Naked Turns . | . . . . . . . . . . . . . . . . . . . . . . . . . . Heaviest Build 236 | 3 30 40 40 41 39 39 45 48 124 123 95 92 77 117 132 150 149 142 196 203 235 232 236 210 227 Greatest Support 270 | 3 40 60 60 89 89 89 86 80 150 97 97 95 95 150 150 150 150 190 225 225 240 240 240 270 270 Greatest Overweight (x) 2 | . . . . . . . 1 . 2 1 1 1 1 . . . 1 . . 1 1 . . . 2 Average Overweight (x) . | . . . . . . . . . . . . . . . . . . . . . . . . . . Largest Inventory Capacity 30 | 5 15 15 15 15 15 15 15 20 25 25 20 20 20 25 25 25 25 25 30 30 30 30 30 30 30 Average Capacity 21 | 5 14 15 15 15 15 15 15 15 20 20 20 20 20 24 25 25 25 25 28 30 30 30 30 30 20 Most Carried 30 | 3 15 15 15 15 15 15 15 15 25 25 20 20 20 21 25 25 25 25 30 30 30 26 30 30 30 Average Carried 20 | 1 11 14 13 14 14 14 14 14 19 20 20 19 19 19 23 24 24 24 27 27 28 25 29 29 18 Final Capacity 30 | 5 15 15 15 15 15 15 15 15 25 20 20 20 20 25 25 25 25 25 30 30 30 30 30 30 15 Final Carried 30 | 3 15 15 15 15 15 15 15 15 25 20 20 20 20 21 25 25 25 25 30 27 25 26 30 30 8 Class Distribution -------------------- 36% | Botlord-Tank 17% | Scavenger-Gunner 14% | Gunner 9% | Bothacker-Tank 5% | Mutant 5% | Botlord-Executioner Dominant Class ---------------- Mutant | -10/Materials Scavenger-Gunner | -9/Materials Scavenger-Gunner | -9/Mines Gunner | -8/Materials Gunner | -8/Garrison Gunner | -8/Materials Bothacker-Gunner | -8/Garrison Scavenger-Gunner | -7/Factory Scavenger-Tank | -7/Garrison Bothacker-Tank | -7/Factory Bothacker-Tank | -7/Garrison Bothacker-Tank | -7/Factory Botlord-Tank | -7/Garrison Botlord-Tank | -6/Factory Botlord-Tank | -6/Garrison Botlord-Skirmisher | -5/Factory Botlord-Tank | -5/Garrison Botlord-Tank | -4/Factory Botlord-Tank | -4/Garrison Botlord-Tank | -3/Research Botlord-Executioner | -3/Armory Botlord-Executioner | -2/Research Botlord-Tank | -2/Garrison Botlord-Tank | -1/Access Scavenger-Gunner | -1/Command Resources | -11 -10 -9 -9 -8 -8 -8 -8 -7 -7 -7 -7 -7 -7 -6 -6 -5 -5 -4 -4 -3 -3 -2 -2 -1 -1 ----------- Run | Yrd Mat Mat Min Mat Gar Mat Gar Fac Gar Fac Gar Fac Gar Fac Gar Fac Gar Fac Gar Res Arm Res Gar Acc Com Matter Collected 23362 | 215 645 1102 705 1628 1466 95 781 240 802 114 1358 233 658 381 774 81 1846 83 1045 639 2392 . 1979 1010 3090 Remotely . | . . . . . . . . . . . . . . . . . . . . . . . . . . Salvage Created 23138 | . 1015 1509 159 1336 675 758 1164 541 1704 26 991 271 866 446 865 148 992 57 1887 581 2092 . 943 1032 3080 Parts 1037 | . 53 101 5 69 28 22 57 41 60 2 46 16 44 32 49 7 31 4 69 27 104 . 32 55 83 Haulers Intercepted 11 | . 2 2 . 3 . 2 . 2 . . . . . . . . . . . . . . . . . Recyclers Shooed 9 | . 1 . . . . . . . . . . . . 1 . 1 . 1 . . . . . 1 4 Parts Field Recycled . | . . . . . . . . . . . . . . . . . . . . . . . . . . Retrieved Matter . | . . . . . . . . . . . . . . . . . . . . . . . . . . Parts Self-Destructed . | . . . . . . . . . . . . . . . . . . . . . . . . . . Prevented . | . . . . . . . . . . . . . . . . . . . . . . . . . . Parts Restored . | . . . . . . . . . . . . . . . . . . . . . . . . . . Kills | -11 -10 -9 -9 -8 -8 -8 -8 -7 -7 -7 -7 -7 -7 -6 -6 -5 -5 -4 -4 -3 -3 -2 -2 -1 -1 ------- Run | Yrd Mat Mat Min Mat Gar Mat Gar Fac Gar Fac Gar Fac Gar Fac Gar Fac Gar Fac Gar Res Arm Res Gar Acc Com Combat Hostiles Destroyed 372 | . 16 29 1 21 23 14 32 10 24 . 20 4 19 7 17 1 14 1 20 8 37 . 12 11 31 Melee 4 | . . . . . . . 1 . . . . . . . . . 1 . . . 1 . 1 . . Guns 275 | . 15 24 1 15 9 12 24 10 16 . 19 4 19 7 16 1 11 1 18 7 24 . 2 7 13 Cannons 47 | . . . . 5 4 . 1 . . . 1 . . . 1 . 2 . . . 10 . 7 3 13 AOE 36 | . 1 5 . 1 10 . 5 . 8 . . . . . . . . . 1 . 1 . . . 4 Classes Destroyed 25 | . 9 3 . 1 . 1 4 . . . 1 . . . . . 2 . . . 2 . 1 . 1 Worker 16 | . . 3 2 1 . . . 2 . . . 1 . 1 . . . . . 1 . . . 2 3 Builder 10 | . 1 3 . 1 . . . 1 . . . 1 . 1 . 1 . . . . . . . 1 . Tunneler 2 | . 1 . . . . . . . . . . . . . . . . . . . . . . 1 . Hauler 11 | . 2 2 . 3 . 2 . 2 . . . . . . . . . . . . . . . . . Recycler 13 | . 3 2 . 2 . 1 . . . . . . . . . . . . . . . . . . 5 Mechanic 2 | . 1 . . . . . . . . . . . . . . . . . . . . . . . 1 Operator 8 | . 2 1 . 1 . . . . . . . . . 2 . . . . . . 2 . . . . Drone 1 | . . . . . . . . . . . . . . . . . . . . . 1 . . . . Watcher 12 | . 2 3 . 1 . . . . . 1 1 . . . . . . . . . 2 . . 1 1 Swarmer 70 | . 6 7 . 2 4 2 7 3 13 . . 2 4 . 5 . . . 5 . 4 . . . 6 Saboteur 3 | . . . . . . . . . . . . . . . . . . . . . 3 . . . . Grunt 136 | . 10 13 . 14 11 8 16 5 4 . 12 . 6 4 7 . 4 . 9 . 3 . 1 3 6 Brawler 9 | . . 3 . . 1 1 . . . . . 1 . 1 . . . . . . . . 1 . 1 Duelist 17 | . . . . 1 6 1 . . . . . . 2 . . . . . 1 . 5 . . . 1 Protector 3 | . . . . . . . 1 . . . . . . . . . . . . . 2 . . . . Sentry 47 | . . 6 . 4 1 1 2 1 6 . 5 1 3 1 4 1 3 . 1 1 1 . 5 . . Demolisher 1 | . . . . . . . 1 . . . . . . . . . . . . . . . . . . Specialist 10 | . . . . . . . 2 . . . . 1 . . . . . . . . 6 . . . 1 Hunter 22 | . . . . . . 1 . . . . 1 . 1 . 1 . . . 3 2 3 . 2 5 3 Programmer 36 | . . . . . . . 3 1 1 . 1 . 2 1 . . 5 1 . 4 9 . 2 4 2 Behemoth 4 | . . . . . . . . . . . 1 . . . . . 1 . 1 1 . . . . . M Guard 1 | . . . . . . . . . . . . . . . . . . . . . . . . . 1 Combat Programmer 2 | . . . . . . . . . . . . . . . . . . . . . . . . . 2 Striker 3 | . . . . . . . . . . . . . . . . . 1 . . . . . . . 2 Executioner 2 | . . . . . . . . . . . . . . . . . . . . . . . 1 . 1 Scrapper 1 | . . . . . . . . . . . . . . . . . 1 . . . . . . . . Fireman 3 | . . . . . . . . . . . . . . . . . . . . . . . . . 3 Infiltrator 1 | . . . . . . . . . . . . . 1 . . . . . . . . . . . . Best Kill Streak 13 | . 4 8 1 5 6 6 6 5 9 1 6 4 6 9 5 1 3 1 3 4 13 . 2 8 8 Combat Bots Only 11 | . 3 6 1 4 6 5 6 4 9 . 3 3 6 6 5 1 3 1 3 4 11 . 2 4 6 Max Kills in Single Turn 4 | . 2 2 1 1 4 2 2 2 3 1 2 4 2 2 2 1 2 1 2 2 2 . 1 2 3 Gunslinging 1 | . 1 1 . . . . 1 1 1 . 1 1 1 . . . . . 1 1 1 . . . 1 Exploded 4 | . 1 2 . 1 4 . 2 . 3 . . . . . . . . . 1 . 1 . . . 3 Melee 1 | . . . . . . . 1 . . . . . . . . . 1 . . . 1 . 1 . . Uniques/NPCs Destroyed 3 | . . . 1 . . . . . . . . . . . . . . . . . . . . . 2 YI-UF0 (-9/Mines) MAIN.C Shell (-1/Command) MAIN.C (-1/Command) Combat | -11 -10 -9 -9 -8 -8 -8 -8 -7 -7 -7 -7 -7 -7 -6 -6 -5 -5 -4 -4 -3 -3 -2 -2 -1 -1 -------- Run | Yrd Mat Mat Min Mat Gar Mat Gar Fac Gar Fac Gar Fac Gar Fac Gar Fac Gar Fac Gar Res Arm Res Gar Acc Com Hostile Shots Fired 2475 | . 64 62 26 100 79 58 110 46 180 21 154 24 119 31 149 13 60 10 131 119 311 . 64 114 430 Missed 769 | . 18 23 11 28 22 19 30 16 64 6 52 10 42 14 54 6 16 3 25 32 101 . 23 31 123 Hits 1706 | . 46 39 15 72 57 39 80 30 116 15 102 14 77 17 95 7 44 7 106 87 210 . 41 83 307 Melee 42 | . . 1 . 6 2 1 . . . . . . 2 3 . 1 1 . . . 20 . 3 . 2 Projectile 1664 | . 46 38 15 66 55 38 80 30 116 15 102 14 75 14 95 6 43 7 106 87 190 . 38 83 305 AOE 27 | . . . 21 . . . 3 . . . . . . . . . . . . . . . . . 3 Critical Strikes 62 | . . . . 6 3 1 2 2 1 . 1 . 3 1 2 . 1 . 8 4 10 . 2 2 13 Actively Blocked 7 | . . . . . . . . . . . . . . . . . . . . . . . 2 1 4 Part Disruptions 13 | . . . . . . . . . . . . . 1 . . . . . . . 6 . . 1 5 Damage Taken 31751 | . 456 471 568 1158 893 578 1002 383 1417 223 1174 137 763 295 1199 146 1112 156 2080 1820 5010 . 909 1799 8002 Core 2868 | . 89 46 88 89 136 39 160 28 169 20 103 6 42 39 127 . 49 . 93 127 417 . . 95 906 Absorbed by Shields 898 | . . . . . . . 187 . 68 . . . . . 90 . 71 . . . . . 35 . 447 Ignored by Resistances 246 | . . 4 114 38 1 . 19 . 3 . . . . . . . . . . . 19 . . . 48 Core Remaining (%) 80 | 100 64 . 79 . . . 49 . . . . . 95 . 79 . 94 . 91 . 82 . 100 . 55 Volleys Fired 1187 | . 89 83 12 62 63 38 56 20 60 4 53 5 35 20 63 12 68 6 60 37 120 . 67 74 80 Largest 8 | . 2 3 3 4 3 3 5 4 4 4 4 4 5 5 5 5 7 5 5 5 8 . 6 4 5 Hottest 563 | . 80 69 69 142 165 190 246 170 230 230 230 134 150 180 205 201 285 192 341 341 443 . 563 299 339 Shots Fired 3331 | . 167 248 36 213 119 99 165 70 149 10 174 14 145 76 165 20 199 16 186 107 408 . 124 141 280 Gun 2664 | . 156 246 36 189 78 99 162 70 126 8 168 11 145 70 145 10 152 13 167 90 264 . 20 55 184 Cannon 420 | . 11 . . 23 29 . . . . . . 1 . 2 8 6 25 . . . 111 . 70 49 85 Launcher 32 | . . 2 . 1 12 . 3 . 5 . . . . . . 1 . . . . 3 . . 1 4 Special 215 | . . . . . . . . . 18 2 6 2 . 4 12 3 22 3 19 17 30 . 34 36 7 Kinetic 2110 | . 156 246 36 150 29 . 7 53 87 4 122 12 145 70 112 8 151 11 89 44 253 . 34 55 236 Thermal 969 | . 6 . . 62 78 99 155 17 39 4 46 . . 2 41 8 26 2 78 46 122 . 56 49 33 Explosive 32 | . . 2 . 1 12 . 3 . 5 . . . . . . 1 . . . . 3 . . 1 4 Electromagnetic 5 | . 5 . . . . . . . . . . . . . . . . . . . . . . . . Robot Hit Streak 64 | . 8 33 10 14 9 10 15 10 42 3 18 6 19 31 18 8 21 12 11 12 24 . 26 10 64 Robot Miss Streak 9 | . 5 4 2 4 4 4 4 6 5 3 7 2 4 3 3 1 3 1 5 2 9 . 5 5 6 Penetration Max 2 | . . . . . . . . 1 . . 1 1 1 1 1 . 1 . 1 2 1 . . 1 2 Secondary Targets 52 | . 2 3 . . . . 3 6 4 . 4 2 5 1 4 . 3 . 4 4 5 . . . 2 Max Gunslinging Chain 2 | . 1 1 . . . . 1 1 2 . 1 1 1 1 1 . 1 . 1 1 2 . . . 2 Shots Hit Robots 2021 | . 89 158 27 130 47 65 113 48 131 7 109 8 83 51 91 10 134 13 117 66 191 . 78 68 187 Core Hits 953 | . 40 62 7 59 43 39 63 29 78 3 52 7 38 20 35 5 36 2 42 22 81 . 22 33 135 Critical Kills 21 | . 1 . . 1 . . . . . . . 1 2 4 . . . . 2 . 2 . 3 3 2 Critical Parts Destroyed 26 | . . 1 . . . . . 1 . . 2 . 1 2 2 . 3 . 6 3 1 . . 1 3 Critical Strikes 74 | . 1 1 . 2 1 1 4 1 4 . 2 1 3 6 4 . 3 . 12 7 3 . 5 4 9 Burn 14 | . . . . 1 . 1 4 . . . . . . . 2 . . . 2 4 . . . . . Meltdown 5 | . . . . . . . . . . . . . . . . . . . . . 1 . 2 1 1 Destroy 44 | . 1 1 . 1 . . . 1 . . 2 1 3 6 2 . 3 . 8 3 2 . 1 3 6 Blast 5 | . . . . . 1 . . . . . . . . . . . . . . . . . 2 . 2 Sever 4 | . . . . . . . . . 4 . . . . . . . . . . . . . . . . Impale 2 | . . . . . . . . . . . . . . . . . . . 2 . . . . . . Melee Attacks 146 | . . . . . 11 3 11 6 65 2 2 . . 2 . . 2 . 26 1 . . 5 . 10 Impact 2 | . . . . . . . . . . . . . . . . . 2 . . . . . . . . Slashing 100 | . . . . . 11 1 11 6 65 2 2 . . 2 . . . . . . . . . . . Piercing 35 | . . . . . . . . . . . . . . . . . . . 26 1 . . 5 . 3 Sneak Attacks 8 | . . . . . . . . 2 . . 1 . . . . . . . . . . . 5 . . Combat Hostiles . | . . . . . . . . . . . . . . . . . . . . . . . . . . Follow-up Attacks . | . . . . . . . . . . . . . . . . . . . . . . . . . . Damage Inflicted 61396 | . 1213 2949 413 2169 2215 1424 2807 1113 5089 81 7532 255 1958 1187 1941 569 3213 288 4031 1808 6161 . 2282 1748 8950 Guns 37526 | . 1152 2457 413 1850 733 1377 2447 971 1814 81 2470 237 1938 1184 1846 136 2760 288 2350 1808 3264 . 243 886 4821 Cannons 13314 | . . . . 226 272 44 46 . . . 5000 . . . 63 . 453 . . . 2299 . 1653 709 2549 Explosions 5017 | . 45 461 . 90 1210 . 300 . 513 . . . . . . 415 . . . . 598 . . 85 1300 Melee 5182 | . . . . . . . . 124 2760 . 62 . . . . . . . 1681 . . . 383 . 172 Ramming 357 | . 16 31 . 3 . 3 14 18 2 . . 18 20 3 32 18 . . . . . . 3 68 108 Kinetic 30104 | . 1098 2457 413 1479 272 44 127 668 887 48 1630 237 1938 1184 1628 113 2742 288 1132 826 2902 . 584 886 6521 Thermal 20795 | . 77 . . 597 733 1377 2366 303 927 33 5840 . . . 281 23 471 . 1218 982 2661 . 1312 745 849 Explosive 4936 | . . 461 . 90 1210 . 300 . 513 . . . . . . 415 . . . . 598 . . 49 1300 Electromagnetic 22 | . 22 . . . . . . . . . . . . . . . . . . . . . . . . Impact . | . . . . . . . . . . . . . . . . . . . . . . . . . . Slashing 2946 | . . . . . . . . 124 2760 . 62 . . . . . . . . . . . . . . Piercing 2236 | . . . . . . . . . . . . . . . . . . . 1681 . . . 383 . 172 Highest Corruption 32 | . 6 . . 14 28 . 5 . 2 . 1 5 5 5 5 . . . 4 2 32 . 6 2 19 Average Corruption 6 | . 4 . . 14 14 . 4 . 1 . 1 2 5 4 5 . . . 4 1 11 . 5 1 10 Corruption Purged . | . . . . . . . . . . . . . . . . . . . . . . . . . . Corruption Blocked . | . . . . . . . . . . . . . . . . . . . . . . . . . . Effects 260 | . 8 . . 5 35 . 32 . 9 . 6 7 1 4 12 . . . 14 6 49 . 6 2 64 Message Errors 54 | . 2 . . 1 5 . 8 . 2 . 1 4 . . 1 . . . 1 . 7 . 2 . 20 Matter Fused 64 | . 2 . . 2 10 . 9 . 2 . 3 2 . 2 4 . . . 1 2 7 . 2 . 16 Heat Flow Errors 28 | . . . . . 7 . 4 . . . 2 1 . . 1 . . . 1 . 8 . . . 4 Energy Discharges 26 | . 1 . . . 2 . 1 . 1 . . . . 2 . . . . . . 7 . 1 1 10 Parts Rejected 4 | . . . . . . . 1 . . . . . . . . . . . . . 2 . . . 1 Parts Fused 2 | . . . . . . . 1 . 1 . . . . . . . . . . . . . . . . Data Loss (minor) 38 | . 2 . . 1 5 . 6 . 1 . . . 1 . 5 . . . 4 3 4 . . 1 5 Data Loss (major) 8 | . . . . 1 1 . . . 1 . . . . . . . . . 2 . 1 . . . 2 Misfires 17 | . 1 . . . 1 . 1 . 1 . . . . . 1 . . . 3 1 4 . 1 . 3 Alerts 6 | . . . . . 1 . . . . . . . . . . . . . 2 . 1 . . . 2 Misdirections 1 | . . . . . 1 . . . . . . . . . . . . . . . . . . . . Weapon Failures 12 | . . . . . 2 . 1 . . . . . . . . . . . . . 8 . . . 1 Overload Shots . | . . . . . . . . . . . . . . . . . . . . . . . . . . Overflow Damage 867 | . . 33 . . 66 . 30 . 60 . 12 . . . . 56 . . 87 . 154 . 31 58 280 Projectiles 296 | . . . . . . . . . . . . . . . . . . . . . 71 . 25 12 188 Explosions 303 | . . 33 . . 66 . 30 . . . . . . . . 56 . . . . 83 . . 18 17 Melee 268 | . . . . . . . . . 60 . 12 . . . . . . . 87 . . . 6 28 75 Knockbacks 25 | . . . . 4 4 1 . . . . . . . . . . . . . . 4 . . . 12 Impact . | . . . . . . . . . . . . . . . . . . . . . . . . . . Kinetic 25 | . . . . 4 4 1 . . . . . . . . . . . . . . 4 . . . 12 Secondary . | . . . . . . . . . . . . . . . . . . . . . . . . . . Self-Inflicted Damage 74 | . . . . . 3 . . 7 11 . . . . . . . . . . . 53 . . . . Shots 5 | . . . . . 1 . . 1 1 . . . . . . . . . . . 2 . . . . Rammed 28 | . 2 4 . 2 . 1 3 1 1 . . 2 3 1 1 1 . . . . . . 2 1 3 Targets Rammed 31 | . 2 4 . 2 . 1 4 2 1 . . 2 3 1 1 1 1 . . . . . 2 1 3 Kicked . | . . . . . . . . . . . . . . . . . . . . . . . . . . Crushed 3 | . . . . . . . 1 1 . . . . . . . . 1 . . . . . . . . Highest Temperature 486 | . 74 135 12 290 260 257 352 24 395 99 335 221 278 180 343 412 332 114 340 388 482 . 198 341 486 Average Temperature 88 | . 24 27 9 73 93 99 110 6 59 54 99 88 77 81 109 94 95 50 102 127 105 . 89 142 98 Received Heat Transfer 4563 | . 177 132 . 612 468 270 255 99 297 66 258 18 162 21 303 27 159 30 373 108 291 . 63 36 338 Effects 17 | . . . . . 5 2 . . 1 . 3 . 1 . 1 1 . . . 1 1 . . . 1 Shutdowns 2 | . . . . . . . . . . . 1 . . . . . . . . . 1 . . . . Energy Bleed 5 | . . . . . . 2 . . . . 1 . 1 . 1 . . . . . . . . . . Interference 7 | . . . . . 5 . . . . . . . . . . . . . . 1 . . . . 1 Matter Decay 3 | . . . . . . . . . 1 . 1 . . . . 1 . . . . . . . . . Siege Activations 1 | . . . . . . . . . . . . . . . . . . . . . 1 . . . . Total Turns 2 | . . . . . . . . . . . . . . . . . . . . . 2 . . . . Longest Duration 2 | . . . . . . . . . . . . . . . . . . . . . 2 . . . . Martial Activations . | . . . . . . . . . . . . . . . . . . . . . . . . . . Shielding Activations . | . . . . . . . . . . . . . . . . . . . . . . . . . . Robots Disrupted . | . . . . . . . . . . . . . . . . . . . . . . . . . . Combat Hostiles . | . . . . . . . . . . . . . . . . . . . . . . . . . . Robots Corrupted . | . . . . . . . . . . . . . . . . . . . . . . . . . . Combat Hostiles . | . . . . . . . . . . . . . . . . . . . . . . . . . . Parts Fried 3 | . . . . . . . . . . . . . . . . . . . . . . . . 2 1 Impact Corruptions 2 | . . . . . . . . . . . . . . . . . . . . . . . . 1 1 Robots Melted 10 | . . . . . . 2 1 . . . . . . . . . . . 1 1 1 . 2 1 1 Combat Hostiles 10 | . . . . . . 2 1 . . . . . . . . . . . 1 1 1 . 2 1 1 Parts Melted 61 | . . . . 5 1 8 10 2 5 . 6 . . . 1 . 2 . 2 6 5 . 4 2 2 Heat Transferred 25984 | . 75 . . 1406 1521 3019 5012 675 1931 75 1900 . . . 774 50 637 . 2079 1846 2512 . 1147 642 683 Parts Sabotaged 1 | . . . . . . . . . . . . . . . . . . . . . 1 . . . . Parts Stolen . | . . . . . . . . . . . . . . . . . . . . . . . . . . Parts Stripped . | . . . . . . . . . . . . . . . . . . . . . . . . . . Power Chain Reactions 1 | . 1 . . . . . . . . . . . . . . . . . . . . . . . . Alert | -11 -10 -9 -9 -8 -8 -8 -8 -7 -7 -7 -7 -7 -7 -6 -6 -5 -5 -4 -4 -3 -3 -2 -2 -1 -1 ------- Run | Yrd Mat Mat Min Mat Gar Mat Gar Fac Gar Fac Gar Fac Gar Fac Gar Fac Gar Fac Gar Res Arm Res Gar Acc Com Maximum Alert Level 4 | . . 3 1 1 3 2 4 2 4 2 4 2 3 2 3 2 3 2 3 2 1 1 2 1 2 Low Security (%) 18 | 100 100 6 67 81 3 . . . . . . . . . . . . . 3 . 64 96 26 49 3 Level 1 20 | . . 38 32 18 11 67 3 . . . . 45 13 7 11 . 9 28 42 91 35 4 41 50 12 Level 2 39 | . . 54 . . 58 32 26 100 11 100 26 54 24 92 75 100 28 71 43 8 . . 31 . 83 Level 3 18 | . . . . . 26 . 46 . 65 . 49 . 61 . 13 . 61 . 11 . . . . . . Level 4 3 | . . . . . . . 22 . 22 . 24 . . . . . . . . . . . . . . Level 5 . | . . . . . . . . . . . . . . . . . . . . . . . . . . High Security . | . . . . . . . . . . . . . . . . . . . . . . . . . . Max Security . | . . . . . . . . . . . . . . . . . . . . . . . . . . Peak Influence 1257 | . 160 703 270 306 950 504 1217 677 1257 678 1227 644 929 491 927 490 952 499 781 418 380 209 594 367 538 Initial 659 | . . 18 270 7 191 462 322 638 473 659 401 644 298 487 287 465 316 499 204 418 103 197 74 356 104 Average 492 | . 72 393 138 151 603 373 841 592 917 624 930 443 697 439 586 453 660 414 476 281 157 156 311 232 390 Influence Increases 14521 | . 516 1205 10 736 779 456 965 343 994 155 966 364 691 151 670 97 866 33 711 232 969 12 670 530 1400 Destroy 0b10 Robot/C 7375 | . 320 580 . 480 460 340 620 200 490 90 525 90 420 105 315 15 435 15 300 120 525 . 240 180 510 Destroy 0b10 Robot/NC 456 | . 60 70 10 50 . 15 5 25 45 8 4 8 . 16 4 12 . 4 24 4 24 . . 20 48 Destroy Leader 1016 | . 78 140 . 120 20 64 30 34 20 34 40 32 40 24 16 8 32 8 48 32 88 . 32 34 42 Allied During Kill 689 | . . . . 9 . 5 . . 68 7 70 28 36 . 21 . 86 . 30 26 12 . 35 41 215 Successful Hack 246 | . 7 21 . 29 28 . 14 3 . . 11 31 11 . 11 . 22 . . . . . 34 21 3 Select Force Hacks 50 | . . 50 . . . . . . . . . . . . . . . . . . . . . . . Disable Machine 417 | . 15 30 . 30 . . . 30 . 12 24 . 12 . 12 12 . . . 12 120 . 36 36 36 Anti-Garrison Action 2000 | . . . . . 200 . 250 . 301 . 189 . 114 . 227 . 227 . 265 . . . 227 . . Destroy Structure 1434 | . 6 28 . 18 71 2 46 21 70 4 67 1 22 6 52 38 64 6 44 38 104 . 54 198 474 Partial Spotted 36 | . . . . . . . . . . . . . . . . 12 . . . . 12 12 . . . Lose Combat Pursuer 414 | . 30 60 . . . 30 . 30 . . 36 12 36 . 12 . . . . . 84 . 12 . 72 Miscellaneous 388 | . . 226 . . . . . . . . . 162 . . . . . . . . . . . . . Influence Decreases 13837 | . 470 556 685 462 123 910 244 883 414 838 313 1165 188 670 193 532 366 693 258 779 791 289 175 960 880 Entered New Map 6084 | . . 28 425 13 103 488 174 579 204 598 173 583 128 442 123 422 136 453 88 327 95 179 25 238 60 Time Decay 4633 | . 470 508 230 379 . 222 . 294 . 160 . 262 . 198 . 90 . 130 . 262 486 110 . 362 470 Lost Part 860 | . . 20 30 70 20 30 70 10 50 . 20 . . 30 30 . 10 10 30 50 90 . 30 30 230 Lost Ally 1660 | . . . . . . 20 . . 160 80 120 20 60 . 40 20 220 100 140 140 120 . 120 180 120 Purge Threat 600 | . . . . . . 150 . . . . . 300 . . . . . . . . . . . 150 . Squads Dispatched 49 | . 4 7 . 6 . 2 . 2 . 2 . 1 . 1 . 4 . 4 . 4 6 . . 3 3 Investigation 11 | . 1 3 . 2 . . . 1 . . . . . . . 1 . . . 2 . . . 1 . Extermination 9 | . . . . . . . . . . . . 1 . . . . . . . 1 2 . . 2 3 Reinforcement 23 | . 3 4 . 3 . 2 . . . 2 . . . . . 2 . 2 . 1 4 . . . . Assault 1 | . . . . . . . . . . . . . . 1 . . . . . . . . . . . Garrison 5 | . . . . 1 . . . 1 . . . . . . . 1 . 2 . . . . . . . Intercept . | . . . . . . . . . . . . . . . . . . . . . . . . . . Searches Triggered . | . . . . . . . . . . . . . . . . . . . . . . . . . . Construction Impeded 2 | . . . . . . 1 . . . . . . . . . . . . . 1 . . . . . Haulers Reinforced . | . . . . . . . . . . . . . . . . . . . . . . . . . . Active Scanning Responses . | . . . . . . . . . . . . . . . . . . . . . . . . . . Cargo Convoy Interrupts . | . . . . . . . . . . . . . . . . . . . . . . . . . . Alert ID Control Effect 65 | . . . . . . . . . . . . 3 1 . . 2 5 . 7 4 5 . 4 15 19 Stealth | -11 -10 -9 -9 -8 -8 -8 -8 -7 -7 -7 -7 -7 -7 -6 -6 -5 -5 -4 -4 -3 -3 -2 -2 -1 -1 --------- Run | Yrd Mat Mat Min Mat Gar Mat Gar Fac Gar Fac Gar Fac Gar Fac Gar Fac Gar Fac Gar Res Arm Res Gar Acc Com Distress Signals 36 | . 1 3 . 1 . 2 . 1 . . 2 4 . 1 . 1 . . . 1 3 . . 1 15 Communications Jammed . | . . . . . . . . . . . . . . . . . . . . . . . . . . Distress Signals . | . . . . . . . . . . . . . . . . . . . . . . . . . . Times Spotted 651 | . 33 39 1 30 23 22 28 15 29 6 34 20 22 16 29 11 36 3 46 18 63 1 28 33 65 Peak Tracking Total 13 | . 4 6 1 5 6 8 4 5 6 2 3 6 8 6 8 10 6 2 13 5 7 1 5 5 10 Tactical Retreats 24 | . 2 3 . . . 1 . 2 . . 3 1 1 . 1 . . . . . 6 . 1 . 3 Traps | -11 -10 -9 -9 -8 -8 -8 -8 -7 -7 -7 -7 -7 -7 -6 -6 -5 -5 -4 -4 -3 -3 -2 -2 -1 -1 ------- Run | Yrd Mat Mat Min Mat Gar Mat Gar Fac Gar Fac Gar Fac Gar Fac Gar Fac Gar Fac Gar Res Arm Res Gar Acc Com Traps Triggered 37 | . 3 1 . 2 1 . 2 . 5 . 1 2 2 . 1 1 3 . . 1 4 . 1 . 7 Indirectly . | . . . . . . . . . . . . . . . . . . . . . . . . . . Trap Hack Attempts . | . . . . . . . . . . . . . . . . . . . . . . . . . . Triggered . | . . . . . . . . . . . . . . . . . . . . . . . . . . Disarmed . | . . . . . . . . . . . . . . . . . . . . . . . . . . Reprogrammed . | . . . . . . . . . . . . . . . . . . . . . . . . . . Reused . | . . . . . . . . . . . . . . . . . . . . . . . . . . Traps Extracted . | . . . . . . . . . . . . . . . . . . . . . . . . . . Installed . | . . . . . . . . . . . . . . . . . . . . . . . . . . Triggered . | . . . . . . . . . . . . . . . . . . . . . . . . . . Machines | -11 -10 -9 -9 -8 -8 -8 -8 -7 -7 -7 -7 -7 -7 -6 -6 -5 -5 -4 -4 -3 -3 -2 -2 -1 -1 ---------- Run | Yrd Mat Mat Min Mat Gar Mat Gar Fac Gar Fac Gar Fac Gar Fac Gar Fac Gar Fac Gar Res Arm Res Gar Acc Com Machines Disabled 63 | . 1 2 . 2 2 . 3 2 5 1 5 . 4 . 4 1 4 . 3 1 10 . 7 3 3 Max in Single Turn 1 | . 1 1 . 1 1 . 1 1 1 . 1 . 1 . 1 1 1 . 1 . 1 . 1 1 1 Garrison Relay 28 | . . . . . 2 . 3 . 5 . 2 . 3 . 3 . 3 . 3 . . . 4 . . Phase Generator 3 | . . . . . . . 1 . . . 1 . 1 . . . . . . . . . . . . Energy Cycler 1 | . . . . . . . . . . . . . . . . . . . . . . . . 1 . Machines Repaired . | . . . . . . . . . . . . . . . . . . . . . . . . . . Machines Dismantled . | . . . . . . . . . . . . . . . . . . . . . . . . . . Machines Sabotaged 1 | . . 1 . . . . . . . . . . . . . . . . . . . . . . . Overloaded Fab Kills . | . . . . . . . . . . . . . . . . . . . . . . . . . . Hacking | -11 -10 -9 -9 -8 -8 -8 -8 -7 -7 -7 -7 -7 -7 -6 -6 -5 -5 -4 -4 -3 -3 -2 -2 -1 -1 --------- Run | Yrd Mat Mat Min Mat Gar Mat Gar Fac Gar Fac Gar Fac Gar Fac Gar Fac Gar Fac Gar Res Arm Res Gar Acc Com Machines Accessed 55 | . 2 8 . 4 3 3 2 2 1 1 2 7 2 2 2 1 2 1 2 1 . 1 3 2 1 Terminals 41 | . 2 6 . 3 3 2 2 . 1 . 2 4 2 1 2 . 2 . 2 1 . . 3 2 1 Fabricators 2 | . . . . . . . . 1 . . . 1 . . . . . . . . . . . . . Repair Stations . | . . . . . . . . . . . . . . . . . . . . . . . . . . Recycling Units . | . . . . . . . . . . . . . . . . . . . . . . . . . . Scanalyzers 3 | . . 2 . . . . . . . . . 1 . . . . . . . . . . . . . Garrison Access 9 | . . . . 1 . 1 . 1 . 1 . 1 . 1 . 1 . 1 . . . 1 . . . Total Hacks 105 | . 6 17 . 9 4 4 3 4 2 1 3 14 2 3 5 1 5 1 5 2 . 1 8 4 1 Successful 48 | . 1 7 . 8 2 3 2 3 . 1 1 6 2 1 1 1 2 1 . . . 1 3 1 1 Failed 55 | . 4 9 . 1 2 1 1 1 2 . 2 8 . 2 4 . 3 . 5 2 . . 5 3 . Catastrophic 13 | . 1 4 . . 1 . 1 . . . 1 . . . 1 . . . 1 . . . 2 1 . Database Lockouts 2 | . 1 1 . . . . . . . . . . . . . . . . . . . . . . . Manual 38 | . 7 11 . 5 . 3 . 1 . . . 3 . 2 . . . . . 2 . . 4 . . Terminals 84 | . 6 11 . 8 4 3 3 . 2 . 3 10 2 2 5 . 5 . 5 2 . . 8 4 1 Fabricators 4 | . . . . . . . . 3 . . . 1 . . . . . . . . . . . . . Repair Stations . | . . . . . . . . . . . . . . . . . . . . . . . . . . Recycling Units . | . . . . . . . . . . . . . . . . . . . . . . . . . . Scanalyzers 8 | . . 6 . . . . . . . . . 2 . . . . . . . . . . . . . Garrison Access 9 | . . . . 1 . 1 . 1 . 1 . 1 . 1 . 1 . 1 . . . 1 . . . Terminal Hacks 27 | . 1 1 . 5 2 2 2 . . . 1 3 2 . 1 . 2 . . . . . 3 1 1 Part Schematic 1 | . 1 . . . . . . . . . . . . . . . . . . . . . . . . Robot Analysis 1 | . . . . 1 . . . . . . . . . . . . . . . . . . . . . Prototype ID Bank 2 | . . . . 1 . . . . . . . 1 . . . . . . . . . . . . . Open Door 1 | . . . . . . . . . . . . . . . . . . . . . . . . . 1 Branch Access Points 2 | . . 1 . . . . . . . . . . . . . . . . . . . . . 1 . Emergency Access Points 7 | . . . . . 1 . 1 . . . 1 . 1 . 1 . 1 . . . . . 1 . . Unreport Threat 3 | . . . . . . 1 . . . . . 2 . . . . . . . . . . . . . Zone Layout 4 | . . . . 3 . 1 . . . . . . . . . . . . . . . . . . . Garrison Registry 2 | . . . . . . . 1 . . . . . . . . . 1 . . . . . . . . Patrol Navigation 3 | . . . . . 1 . . . . . . . 1 . . . . . . . . . 1 . . Security Stations 1 | . . . . . . . . . . . . . . . . . . . . . . . 1 . . Fabricator Hacks 3 | . . . . . . . . 2 . . . 1 . . . . . . . . . . . . . Load Schematic 1 | . . . . . . . . 1 . . . . . . . . . . . . . . . . . Build 2 | . . . . . . . . 1 . . . 1 . . . . . . . . . . . . . Repair Station Hacks . | . . . . . . . . . . . . . . . . . . . . . . . . . . Recycling Unit Hacks . | . . . . . . . . . . . . . . . . . . . . . . . . . . Scanalyzer 5 | . . 4 . . . . . . . . . 1 . . . . . . . . . . . . . Insert Component 1 | . . 1 . . . . . . . . . . . . . . . . . . . . . . . Analyze 1 | . . 1 . . . . . . . . . . . . . . . . . . . . . . . Retrieve Study 3 | . . 2 . . . . . . . . . 1 . . . . . . . . . . . . . Garrison Access Hacks 9 | . . . . 1 . 1 . 1 . 1 . 1 . 1 . 1 . 1 . . . 1 . . . Unlock Access 9 | . . . . 1 . 1 . 1 . 1 . 1 . 1 . 1 . 1 . . . 1 . . . Unauthorized Hacks 4 | . . 2 . 2 . . . . . . . . . . . . . . . . . . . . . Terminals 4 | . . 2 . 2 . . . . . . . . . . . . . . . . . . . . . Botnet 3 | . . 1 . 2 . . . . . . . . . . . . . . . . . . . . . Sabotage 1 | . . 1 . . . . . . . . . . . . . . . . . . . . . . . Fabricators . | . . . . . . . . . . . . . . . . . . . . . . . . . . Repair Stations . | . . . . . . . . . . . . . . . . . . . . . . . . . . Recycling Units . | . . . . . . . . . . . . . . . . . . . . . . . . . . Scanalyzers . | . . . . . . . . . . . . . . . . . . . . . . . . . . Garrison Access . | . . . . . . . . . . . . . . . . . . . . . . . . . . Data Cores Recovered 1 | . . . . . . . . . . . . . . 1 . . . . . . . . . . . Used . | . . . . . . . . . . . . . . . . . . . . . . . . . . Hacking Detections 44 | . 2 6 . 3 2 1 2 2 1 . 1 7 . 2 2 1 2 1 2 1 . . 3 2 1 Full Trace Events 11 | . . 3 . . . . . 1 . . 1 . . . 1 . 1 . 2 1 . . . 1 . Feedback Events . | . . . . . . . . . . . . . . . . . . . . . . . . . . Feedback Blocked . | . . . . . . . . . . . . . . . . . . . . . . . . . . Robot Schematics Acquired . | . . . . . . . . . . . . . . . . . . . . . . . . . . Robots Built . | . . . . . . . . . . . . . . . . . . . . . . . . . . Authchips . | . . . . . . . . . . . . . . . . . . . . . . . . . . Time . | . . . . . . . . . . . . . . . . . . . . . . . . . . Total Robot Build Rating . | . . . . . . . . . . . . . . . . . . . . . . . . . . Part Schematics Acquired 2 | . 1 1 . . . . . . . . . . . . . . . . . . . . . . . Parts Built 3 | . . . . . . . . 1 . . . 2 . . . . . . . . . . . . . Authchips . | . . . . . . . . . . . . . . . . . . . . . . . . . . Time 98 | . . . . . . . . 51 . . . 47 . . . . . . . . . . . . . Total Part Build Rating 11 | . . . . . . . . 1 . . . 10 . . . . . . . . . . . . . Part Studies Acquired 3 | . . 2 . . . . . . . . . 1 . . . . . . . . . . . . . Parts Repaired . | . . . . . . . . . . . . . . . . . . . . . . . . . . Time . | . . . . . . . . . . . . . . . . . . . . . . . . . . Parts Recycled . | . . . . . . . . . . . . . . . . . . . . . . . . . . Recycled Matter . | . . . . . . . . . . . . . . . . . . . . . . . . . . Retrieved Matter . | . . . . . . . . . . . . . . . . . . . . . . . . . . Retrieved Components . | . . . . . . . . . . . . . . . . . . . . . . . . . . Parts Scanalyzed 1 | . . 1 . . . . . . . . . . . . . . . . . . . . . . . Part Schematics Acquired 1 | . . 1 . . . . . . . . . . . . . . . . . . . . . . . Parts Damaged . | . . . . . . . . . . . . . . . . . . . . . . . . . . Bothacking | -11 -10 -9 -9 -8 -8 -8 -8 -7 -7 -7 -7 -7 -7 -6 -6 -5 -5 -4 -4 -3 -3 -2 -2 -1 -1 ------------ Run | Yrd Mat Mat Min Mat Gar Mat Gar Fac Gar Fac Gar Fac Gar Fac Gar Fac Gar Fac Gar Res Arm Res Gar Acc Com Used RIF Installer 9 | . . . . . 1 . 1 . 1 . 1 . 1 . 1 . 1 . 1 . . . 1 . . Coupler Efficiency 2 | . . . . . . . . . . . . . . . 1 . 1 . . . . . . . . Hotswap 1 | . . . . . . . . . . . . . 1 . . . . . . . . . . . . Code Merge 1 | . . . . . . . . . . . . . . . . . . . . . . . 1 . . Threat Obfuscator 1 | . . . . . . . . . 1 . . . . . . . . . . . . . . . . Watcher Feeds 1 | . . . . . . . 1 . . . . . . . . . . . . . . . . . . Alert ID Control 1 | . . . . . . . . . . . 1 . . . . . . . . . . . . . . Program Shield 1 | . . . . . . . . . . . . . . . . . . . 1 . . . . . . Crosswire 1 | . . . . . 1 . . . . . . . . . . . . . . . . . . . . Robots Hacked 109 | . . . . . . 1 . . 3 1 . 1 . 3 6 2 12 2 13 8 14 . 13 20 10 Non-combat 7 | . . . . . . . . . . . . . . . . . . . . . . . . 7 . Combat 102 | . . . . . . 1 . . 3 1 . 1 . 3 6 2 12 2 13 8 14 . 13 13 10 Robot Hacks Applied 142 | . . . . . . 2 . . 3 2 . 2 . 4 6 3 12 3 14 13 19 . 16 30 13 parse_system 9 | . . . . . . . . . 1 . . . . . . . 1 . . 1 1 . . 2 3 deconstruct_machine 1 | . . . . . . . . . . . . . . . . . . . . . . . . 1 . hold_bot 1 | . . . . . . . . . . . . . . . . . . . . . . . . 1 . ignore_repairs 1 | . . . . . . . . . . . . . . . . . . . . . . . . 1 . map_earth 1 | . . . . . . . . . . . . . . . . . . . . . . . . 1 . purge_threat 1 | . . . . . . . . . . . . . . . . . . . . . . . . 1 . block_reporting 1 | . . . . . . . . . . . . . . . . . . . . . . . . 1 . find_garrison 7 | . . . . . . 1 . . . 1 . 1 . 1 . 1 . 1 . 1 . . . . . reboot_propulsion 8 | . . . . . . . . . . . . . . . . . . . . 1 3 . 3 1 . scatter_targeting 11 | . . . . . . . . . . . . . . 1 2 . . . . 1 2 . 4 . 1 link_complan 1 | . . . . . . . . . . . . . . . . . . . . 1 . . . . . disrupt_area 2 | . . . . . . . . . . . . . . . . . . . . 1 1 . . . . amplify_resonance 25 | . . . . . . . . . . . . . . 2 4 . . . 4 1 5 . 2 7 . wipe_record 6 | . . . . . . . . . . . . . . . . . . . 1 . . . 1 4 . reboot_system 4 | . . . . . . . . . . . . . . . . . . . . . . . 1 1 2 overwrite_iff 19 | . . . . . . . . . . . . . . . . 1 3 . 2 2 6 . 2 1 2 formatsys_high 44 | . . . . . . 1 . . 2 1 . 1 . . . 1 8 2 7 4 1 . 3 8 5 Relay Couplers Released 121 | . . . . . 8 . 10 . 23 . 10 . 12 . 14 . 16 . 10 . . . 18 . . Machine Destruction 118 | . . . . . 8 . 10 . 23 . 10 . 12 . 14 . 13 . 10 . . . 18 . . Programmers 3 | . . . . . . . . . . . . . . . . . 3 . . . . . . . . Attached 23 | . . . . . . 1 . . 1 1 . 1 . 1 1 . 3 . 5 2 . . 2 3 2 Crosswired 36 | . . . . . 1 . 4 . 2 . 2 . 3 . 5 . 4 . 6 . . . 9 . . Merged Code Value 49 | . . . . . . . . . . . . . . . . . . . . . . . 49 . . Fabnet Peak Effective % . | . . . . . . . . . . . . . . . . . . . . . . . . . . Robots Rewired 21 | . . . . . . . . . 6 . 3 . . . 3 . 3 . . . 2 . 4 . . Allies Hacked 5 | . . . . . . . . . . 1 2 . . . . . 1 . . . . . . . 1 Hacks Repelled . | . . . . . . . . . . . . . . . . . . . . . . . . . . Allies | -11 -10 -9 -9 -8 -8 -8 -8 -7 -7 -7 -7 -7 -7 -6 -6 -5 -5 -4 -4 -3 -3 -2 -2 -1 -1 -------- Run | Yrd Mat Mat Min Mat Gar Mat Gar Fac Gar Fac Gar Fac Gar Fac Gar Fac Gar Fac Gar Res Arm Res Gar Acc Com Total Allies 110 | . . . . 1 . 1 . . 8 7 6 1 3 . 4 2 19 2 11 6 9 . 12 9 9 Largest Group 6 | . . . . 1 . 1 . . 6 4 4 4 2 . 4 2 5 6 6 4 4 . 5 6 6 Highest-Rated Group 1075 | . . . . 142 . 15 . . 132 148 124 104 175 . 243 69 255 212 286 190 201 . 296 438 1075 Highest-Rated Ally 219 | . . . . 142 . 15 . . 32 37 116 32 142 . 183 49 85 49 95 143 64 . 148 219 219 Total Orders 18 | . . . . . . . . . . . . . 1 . . . 3 . . 2 1 . 2 . 9 STAY 9 | . . . . . . . . . . . . . 1 . . . 1 . . 1 1 . 1 . 4 ROAM 2 | . . . . . . . . . . . . . . . . . 2 . . . . . . . . FOLLOW 6 | . . . . . . . . . . . . . . . . . . . . 1 . . 1 . 4 GUARD 1 | . . . . . . . . . . . . . . . . . . . . . . . . . 1 Ally Attacks 703 | . . . . 16 . 12 . . 34 41 57 28 28 . 11 10 107 11 42 27 45 . 31 77 126 Total Damage 29706 | . . . . 422 . 221 . . 842 888 1879 870 1588 . 701 315 3185 307 1473 1548 1727 . 1183 2414 10143 Kills 144 | . . . . 4 . 3 . . 2 7 15 6 10 . 4 5 20 1 7 4 5 . 8 16 27 Allies Corrupted 8 | . . . . . . . . . . . . . . . . . 1 . . . 1 . 1 2 3 Allies Melted 2 | . . . . . . . . . 1 . . . . . . . . . . . 1 . . . . X0-1V1 Amusement Gains 268 | . 16 30 . 40 . 10 . 10 20 . 8 . . . . 1 . . . . 48 20 30 5 30 Good Acts 158 | . . 4 2 5 8 5 10 4 12 3 14 1 8 2 4 3 12 3 4 3 12 1 12 2 24 Bad Acts 72 | . 1 6 4 5 3 2 1 1 3 . 1 1 4 1 6 1 8 1 3 1 8 . 1 2 8 Intel | -11 -10 -9 -9 -8 -8 -8 -8 -7 -7 -7 -7 -7 -7 -6 -6 -5 -5 -4 -4 -3 -3 -2 -2 -1 -1 ------- Run | Yrd Mat Mat Min Mat Gar Mat Gar Fac Gar Fac Gar Fac Gar Fac Gar Fac Gar Fac Gar Res Arm Res Gar Acc Com Active Infowar (turns) 5248 | . . . . . . . . 240 . . . . . . . 143 2 8 . . . . 911 827 3117 Optics 4855 | . . . . . . . . . . . . . . . . . . . . . . . 911 827 3117 Sensors 145 | . . . . . . . . . . . . . . . . 143 2 . . . . . . . . Structural 240 | . . . . . . . . 240 . . . . . . . . . . . . . . . . . Jamming 8 | . . . . . . . . . . . . . . . . . . 8 . . . . . . . ECM 2 | . . . . . . . . . . . . . . . . . . . . . . . . . 2 Robot Analysis Total 1 | . . . . 1 . . . . . . . . . . . . . . . . . . . . . Derelict Logs Recovered . | . . . . . . . . . . . . . . . . . . . . . . . . . . Drone Launches . | . . . . . . . . . . . . . . . . . . . . . . . . . . Drone Recoveries . | . . . . . . . . . . . . . . . . . . . . . . . . . . Exploration | -11 -10 -9 -9 -8 -8 -8 -8 -7 -7 -7 -7 -7 -7 -6 -6 -5 -5 -4 -4 -3 -3 -2 -2 -1 -1 ------------- Run | Yrd Mat Mat Min Mat Gar Mat Gar Fac Gar Fac Gar Fac Gar Fac Gar Fac Gar Fac Gar Res Arm Res Gar Acc Com Turns Passed 25319 | 28 1386 1389 494 926 1350 468 1402 651 1543 332 1326 562 1142 414 1385 197 1353 278 1355 560 1271 225 1327 827 3128 Spaces Moved 12121 | 37 605 702 271 410 693 192 660 327 721 183 689 288 585 186 728 77 638 118 634 275 527 137 676 407 1355 Core 59 | 37 22 . . . . . . . . . . . . . . . . . . . . . . . . Treads 11954 | . 583 702 271 410 693 192 660 327 613 183 689 288 585 186 728 77 638 118 634 275 527 137 676 407 1355 Legs . | . . . . . . . . . . . . . . . . . . . . . . . . . . Wheels 108 | . . . . . . . . . 108 . . . . . . . . . . . . . . . . Hover . | . . . . . . . . . . . . . . . . . . . . . . . . . . Flight . | . . . . . . . . . . . . . . . . . . . . . . . . . . Fastest Speed 50 | 50 50 160 160 160 162 160 160 160 115 152 152 160 160 160 160 160 155 157 157 148 148 160 160 146 146 Average Speed 160 | 50 156 160 160 161 162 161 164 163 156 158 157 174 160 160 160 160 161 157 159 152 157 160 161 155 166 Slowest Speed 295 | 50 160 160 160 163 162 162 250 165 240 240 240 240 240 160 160 160 235 157 162 235 250 160 163 163 295 Overloaded Moves . | . . . . . . . . . . . . . . . . . . . . . . . . . . Propulsion Burnouts . | . . . . . . . . . . . . . . . . . . . . . . . . . . Robots Hopped . | . . . . . . . . . . . . . . . . . . . . . . . . . . Potential Cave-ins 3 | . . . . . . . . . . . . . . 3 . . . . . . . . . . . Cave-ins Triggered . | . . . . . . . . . . . . . . . . . . . . . . . . . . Exploration Rate (%) 44 | 3 90 66 61 47 87 24 77 10 76 6 85 10 82 5 84 3 81 6 70 7 40 6 86 15 40 Regions Visited 25 Branch Regions 3 Pre-discovered Areas . | . . . . . . . . . . . . . . . . . . . . . . . . . . Known Exits Taken 11 | . . 1 . 1 . 1 . 1 . 1 . 1 . 1 . 1 . 1 . . . 1 . 1 . Unknown Exits Taken 5 | 1 1 . 1 . . . . . . . . . . . . . . . . 1 1 . . . . Scrap Searched 1 | . . . 1 . . . . . . . . . . . . . . . . . . . . . . Spaces Dug 36 | . . . . . 4 1 . 4 1 2 . . . 2 . 2 . . 6 1 7 . 1 4 1 Terrain Destroyed 519 | . 3 19 . 7 53 1 8 19 11 4 140 3 3 11 6 20 15 1 11 2 67 . 7 54 54 Melee 21 | . . . . . 4 1 . 4 1 2 . . . 2 . . . . 6 1 . . . . . Projectile 308 | . . . . . . . . . 4 2 140 3 3 8 6 9 15 1 5 1 54 . 7 20 30 AOE 188 | . 3 19 . 7 49 . 8 15 6 . . . . . . 11 . . . . 13 . . 33 24 Terrain Rammed . | . . . . . . . . . . . . . . . . . . . . . . . . . . Walls Destroyed . | . . . . . . . . . . . . . . . . . . . . . . . . . . Machines Disabled . | . . . . . . . . . . . . . . . . . . . . . . . . . . Actions | -11 -10 -9 -9 -8 -8 -8 -8 -7 -7 -7 -7 -7 -7 -6 -6 -5 -5 -4 -4 -3 -3 -2 -2 -1 -1 --------- Run | Yrd Mat Mat Min Mat Gar Mat Gar Fac Gar Fac Gar Fac Gar Fac Gar Fac Gar Fac Gar Res Arm Res Gar Acc Com Total 15745 | 43 909 836 310 535 802 259 828 382 928 212 817 336 712 254 851 133 850 202 835 355 771 141 844 524 2076 Wait 1159 | . 182 11 18 13 3 3 37 7 11 4 41 20 63 28 12 23 77 33 57 4 41 . 22 19 430 Move 12104 | 36 604 701 270 410 692 192 659 327 720 183 688 288 584 186 727 77 637 118 633 274 526 137 675 406 1354 Hop . | . . . . . . . . . . . . . . . . . . . . . . . . . . Pick Up 241 | 3 16 10 2 6 6 4 11 1 18 3 8 4 7 3 18 1 12 6 9 6 15 1 19 3 49 Fast Attach 161 | 4 1 3 1 10 1 3 9 6 5 2 5 4 4 4 2 8 5 12 12 6 14 3 12 5 20 Attach 95 | . 2 2 4 4 1 2 5 1 7 . . 1 1 2 2 . 5 2 2 6 10 . 3 3 30 Detach 54 | . . 1 2 1 . . 4 1 4 . . . . 2 . 2 4 1 2 3 3 . 7 1 16 Swap 253 | . 8 7 . 13 16 8 17 5 24 8 6 6 4 5 15 5 22 7 17 14 15 . 13 5 13 Drop 295 | . 5 14 1 14 9 4 14 6 13 6 14 6 11 1 11 4 16 16 15 3 27 . 18 7 60 Fire 1187 | . 89 83 12 62 63 38 56 20 60 4 53 5 35 20 63 12 68 6 60 37 120 . 67 74 80 Melee 146 | . . . . . 11 3 11 6 65 2 2 . . 2 . . 2 . 26 1 . . 5 . 10 Ram . | . . . . . . . . . . . . . . . . . . . . . . . . . . Kick . | . . . . . . . . . . . . . . . . . . . . . . . . . . Crush 31 | . 2 4 . 2 . 1 4 2 1 . . 2 3 1 1 1 1 . . . . . 2 1 3 Escape Stasis 10 | . . . . . . . 1 . . . . . . . . . . . . . . . . . 9 Rewire 9 | . . . . . . 1 . . . . . . . . . . 1 1 2 1 . . 1 . 2 Trap . | . . . . . . . . . . . . . . . . . . . . . . . . . . Miscellaneous . | . . . . . . . . . . . . . . . . . . . . . . . . . . Route ------- -11/Scrapyard -10/Materials (discovered 5 exits: *Mat x3 / [*Min] / [*Sub]) -9/Materials (discovered 3 exits: *Mat / *Min x2) -9/Mines -8/Materials (discovered 2 exits: *Fac / Gar) -8/Garrison (discovered 3 exits: *Mat x3) -8/Materials -8/Garrison (discovered 3 exits: *Fac x3) -7/Factory -7/Garrison (discovered 3 exits: *Fac x3) -7/Factory -7/Garrison (discovered 4 exits: *Fac x3 / *Fac) -7/Factory (discovered 2 exits: *Fac / Gar) -7/Garrison (discovered 3 exits: *Fac x3) -6/Factory -6/Garrison (discovered 3 exits: *Fac x3) -5/Factory (discovered 2 exits: *Fac / Gar) -5/Garrison (discovered 3 exits: *Fac x3) -4/Factory (discovered 2 exits: *Res / Gar) -4/Garrison (discovered 3 exits: *Res x3) -3/Research -3/Armory -2/Research -2/Garrison (discovered 3 exits: *Acc x3) -1/Access -1/Command (discovered 3 exits: [*Sur x2] / Ac0) 0b11 Command History --------- Turn | Location | Event 6 | -11/Scrapyard | Discovered new exit (range 15) 29 | -11/Scrapyard | Entered Materials 230 | -10/Materials | Discovered new exit (range 3) 300 | -10/Materials | Build established: Mutant 468 | -10/Materials | Discovered new exit (range 8) 719 | -10/Materials | Discovered new exit (range 10) 809 | -10/Materials | Discovered new exit (range 11) 889 | -10/Materials | Central database locked down 1162 | -10/Materials | Discovered new exit (range 6) 1344 | -10/Materials | Prayed at D.C.S.S. Altar Unit 1415 | -10/Materials | Entered another Materials area 1415 | -9/Materials | Evolved 2 slots: Propulsion x1, Weapon x1 1430 | -9/Materials | Discovered new exit (range 15) 1477 | -9/Materials | EX resistance permanently improved by X0-1V1 (+15%; -150 max core) 1485 | -9/Materials | X0-1V1 added 0b10 threat records associated with you (considerable) 1578 | -9/Materials | Identified exit to Mines 1578 | -9/Materials | X0-1V1 revealed exit location to -9/Mines 1591 | -9/Materials | Discovered new exit (range 15) 1709 | -9/Materials | Build established: Gunner 1959 | -9/Materials | X0-1V1 sent hostile B-36 Bruiser (x2) 2348 | -9/Materials | Build established: Scavenger-Gunner 2376 | -9/Materials | Central database locked down 2804 | -9/Materials | Entered Mines 2858 | -9/Mines | YI-UF0 nonchalantly dropped a Grenade Launcher on the ground 3049 | -9/Mines | Destroyed YI-UF0 3070 | -9/Mines | Found Prototype Storage 3074 | -9/Mines | Lost 3 parts (3w) 3113 | -9/Mines | Identified YI-UF0's Bottomless Matter Pit 3206 | -9/Mines | X0-1V1 announced a LAN party 3249 | -9/Mines | Discovered new exit (range 14) 3258 | -9/Mines | X0-1V1 vaporized surrounding terrain (radius 21) 3265 | -9/Mines | X0-1V1 mutated your Propulsion slot to Utility slot 3285 | -9/Mines | Core integrity permanently improved by X0-1V1 (+250) 3298 | -9/Mines | Entered Materials 3298 | -8/Materials | Evolved 2 slots: Propulsion x1, Weapon x1 3779 | -8/Materials | Lost 6 parts (2u4w) 3788 | -8/Materials | X0-1V1 mutated your Weapon slot to Propulsion slot 3792 | -8/Materials | X0-1V1 sent allied H-71 Marshal (x1) 3857 | -8/Materials | Energy generation permanently improved by X0-1V1 (+15; -150 max core) 3926 | -8/Materials | Discovered new exit (range 15) 3983 | -8/Materials | X0-1V1 tapped a No Entrance sign 4032 | -8/Materials | Build established: Gunner 4107 | -8/Materials | System corruption reached 10% 4142 | -8/Materials | Garrison activated, responded to threat 4224 | -8/Materials | Identified exit to Garrison 4224 | -8/Materials | Entered Garrison 4265 | -8/Garrison | Triggered checkpoint 4318 | -8/Garrison | Garrison Relay disabled 4411 | -8/Garrison | Triggered checkpoint 4521 | -8/Garrison | Garrison Relay disabled 4552 | -8/Garrison | Discovered new exit (range 19) 4740 | -8/Garrison | Triggered checkpoint 4863 | -8/Garrison | Discovered new exit (range 11) 4912 | -8/Garrison | Installed Relay Interface Framework 4982 | -8/Garrison | Expanded RIF knowledge: Crosswire 5342 | -8/Garrison | Discovered new exit (range 13) 5405 | -8/Garrison | X0-1V1 activates XOMVISION 5422 | -8/Garrison | Triggered checkpoint 5574 | -8/Garrison | Entered Materials 5651 | -8/Materials | X0-1V1 released a cloud of subatomizers 5721 | -8/Materials | Lost 3 parts (1n1u1w) 5914 | -8/Materials | X0-1V1 foreshadows a heat wave 6042 | -8/Materials | Identified exit to Garrison 6042 | -8/Materials | Entered Garrison 6076 | -8/Garrison | Triggered checkpoint 6145 | -8/Garrison | Garrison Relay disabled 6265 | -8/Garrison | Identified exit to Factory 6265 | -8/Garrison | X0-1V1 revealed exit location to -7/Factory 6269 | -8/Garrison | Triggered checkpoint 6393 | -8/Garrison | Discovered exit to Factory (range 5) 6430 | -8/Garrison | Triggered checkpoint 6435 | -8/Garrison | Weapon slot count temporarily expanded by X0-1V1 (+3) 6449 | -8/Garrison | Core integrity fell below 50% 6513 | -8/Garrison | Garrison Relay disabled 6616 | -8/Garrison | Triggered checkpoint 6700 | -8/Garrison | Discovered exit to Factory (range 15) 6740 | -8/Garrison | Build established: Bothacker-Gunner 6841 | -8/Garrison | Triggered checkpoint 6842 | -8/Garrison | X0-1V1 destroyed Phase Generator 6842 | -8/Garrison | Phase Generator disabled 6863 | -8/Garrison | X0-1V1 activates XOMVISION 6922 | -8/Garrison | Triggered checkpoint 6932 | -8/Garrison | Core integrity restored by X0-1V1 (+105) 7086 | -8/Garrison | Triggered checkpoint 7155 | -8/Garrison | Discovered exit to Factory (range 27) 7155 | -8/Garrison | Discovered exit to Factory (range 20) 7155 | -8/Garrison | Discovered exit to Factory (range 63) 7259 | -8/Garrison | Spotted B-75 Beast 7276 | -8/Garrison | Expanded RIF knowledge: Watcher Feeds 7405 | -8/Garrison | Build established: Scavenger-Gunner 7444 | -8/Garrison | Entered Factory 7444 | -7/Factory | Evolved 2 slots: Utility x1, Weapon x1 7619 | -7/Factory | Fabricated Hcp. Storage Unit (x1) 8050 | -7/Factory | Garrison activated, responded to threat 8095 | -7/Factory | Identified exit to Garrison 8095 | -7/Factory | Entered Garrison 8146 | -7/Garrison | Identified exit to Factory 8146 | -7/Garrison | X0-1V1 revealed exit location to -7/Factory 8162 | -7/Garrison | Triggered checkpoint 8199 | -7/Garrison | Garrison Relay disabled 8228 | -7/Garrison | Triggered checkpoint 8263 | -7/Garrison | Triggered checkpoint 8645 | -7/Garrison | Triggered checkpoint 8645 | -7/Garrison | Triggered checkpoint 8681 | -7/Garrison | Lost 3 allies 8686 | -7/Garrison | Destroyed 9 combat bots 8708 | -7/Garrison | Spotted B-75 Beast 8719 | -7/Garrison | X0-1V1 downgraded hostiles (x1) 8766 | -7/Garrison | Allies destroyed B-75 Beast 8768 | -7/Garrison | Lost 3 allies 8791 | -7/Garrison | Lost 4 parts (1p2n1w) 8803 | -7/Garrison | Triggered checkpoint 8859 | -7/Garrison | Garrison Relay disabled 9054 | -7/Garrison | Expanded RIF knowledge: Threat Obfuscation 9217 | -7/Garrison | Triggered checkpoint 9266 | -7/Garrison | Build established: Scavenger-Tank 9289 | -7/Garrison | Discovered exit to Factory (range 10) 9469 | -7/Garrison | Garrison Relay disabled 9517 | -7/Garrison | Triggered checkpoint 9525 | -7/Garrison | Garrison Relay disabled 9561 | -7/Garrison | X0-1V1 mutated your Propulsion slot to Power slot 9631 | -7/Garrison | Discovered exit to Factory (range 3) 9638 | -7/Garrison | Entered Factory 9666 | -7/Factory | X0-1V1 sent you to a vault 9687 | -7/Factory | X0-1V1 whisked you away to safety 9769 | -7/Factory | Build established: Bothacker-Tank 9970 | -7/Factory | Identified exit to Garrison 9970 | -7/Factory | Entered Garrison 9970 | -7/Garrison | Accompanied by 3 allies 9988 | -7/Garrison | Hacker 4a assimilated hostile G-50 Soldier 10000 | -7/Garrison | Triggered checkpoint 10158 | -7/Garrison | Triggered checkpoint 10182 | -7/Garrison | Hacker 4a assimilated hostile Y-54 Guardian 10207 | -7/Garrison | X0-1V1 activates XOMVISION 10219 | -7/Garrison | Garrison Relay disabled 10308 | -7/Garrison | Spotted B-75 Beast 10308 | -7/Garrison | Spotted B-75 Beast 10363 | -7/Garrison | Triggered checkpoint 10402 | -7/Garrison | Triggered checkpoint 10414 | -7/Garrison | X0-1V1 sent allied B-86 Titan (x1) 10428 | -7/Garrison | Triggered checkpoint 10452 | -7/Garrison | Triggered checkpoint 10455 | -7/Garrison | X0-1V1 destroyed Phase Generator 10455 | -7/Garrison | Phase Generator disabled 10636 | -7/Garrison | Discovered new exit (range 12) 10852 | -7/Garrison | Triggered checkpoint 10894 | -7/Garrison | Identified exit to Factory 10894 | -7/Garrison | X0-1V1 revealed exit location to -7/Factory 10916 | -7/Garrison | Discovered new exit (range 10) 10967 | -7/Garrison | Garrison Relay disabled 11051 | -7/Garrison | Destroyed B-75 Beast 11195 | -7/Garrison | Expanded RIF knowledge: Alert ID Control 11222 | -7/Garrison | Core integrity restored by X0-1V1 (+149) 11227 | -7/Garrison | Discovered new exit (range 10) 11276 | -7/Garrison | Triggered checkpoint 11296 | -7/Garrison | Entered Factory 11296 | -7/Factory | Accompanied by 3 allies 11419 | -7/Factory | Fabricated Hvy. Machine Gun (x2) 11539 | -7/Factory | X0-1V1 added 0b10 threat records associated with you (considerable) 11727 | -7/Factory | Discovered new exit (range 5) 11858 | -7/Factory | Identified exit to Garrison 11858 | -7/Factory | Entered Garrison 11858 | -7/Garrison | Accompanied by 1 ally 11879 | -7/Garrison | Expanded RIF knowledge: Hotswap 11920 | -7/Garrison | Garrison Relay disabled 11967 | -7/Garrison | X0-1V1 mutated your Utility slot to Weapon slot 12034 | -7/Garrison | X0-1V1 sent allied H-71 Marshal (x1) 12104 | -7/Garrison | Triggered checkpoint 12117 | -7/Garrison | Triggered checkpoint 12172 | -7/Garrison | Build established: Botlord-Tank 12304 | -7/Garrison | X0-1V1 destroyed Phase Generator 12304 | -7/Garrison | Phase Generator disabled 12336 | -7/Garrison | Triggered checkpoint 12461 | -7/Garrison | Found embedded Infiltrators 12462 | -7/Garrison | Triggered checkpoint 12492 | -7/Garrison | Garrison Relay disabled 12515 | -7/Garrison | X0-1V1 rewrote P6-TXO(x) IFF filter 12576 | -7/Garrison | Discovered new exit (range 8) 12686 | -7/Garrison | Triggered checkpoint 12688 | -7/Garrison | X0-1V1 sent hostile S-27 Virus (x5) 12749 | -7/Garrison | Discovered new exit (range 11) 12879 | -7/Garrison | Discovered new exit (range 10) 12894 | -7/Garrison | Triggered checkpoint 12909 | -7/Garrison | Core integrity restored by X0-1V1 (+188) 12938 | -7/Garrison | Garrison Relay disabled 13000 | -7/Garrison | Entered Factory 13000 | -6/Factory | Evolved 2 slots: Propulsion x1, Utility x1 13311 | -6/Factory | Lost 3 parts (2p1u) 13350 | -6/Factory | First assault squad dispatched 13409 | -6/Factory | X0-1V1 announced a LAN party 13414 | -6/Factory | Identified exit to Garrison 13414 | -6/Factory | Entered Garrison 13486 | -6/Garrison | X0-1V1 sent you into danger 13492 | -6/Garrison | Triggered checkpoint 13571 | -6/Garrison | Garrison Relay disabled 13762 | -6/Garrison | Triggered checkpoint 13808 | -6/Garrison | Discovered new exit (range 12) 13860 | -6/Garrison | Triggered checkpoint 13915 | -6/Garrison | Garrison Relay disabled 14224 | -6/Garrison | Discovered new exit (range 13) 14249 | -6/Garrison | Found Fusion Bomb Launcher 14340 | -6/Garrison | Triggered checkpoint 14342 | -6/Garrison | X0-1V1 sent allied H-81 Overseer (x1) 14374 | -6/Garrison | Expanded RIF knowledge: Coupler Efficiency 14518 | -6/Garrison | Discovered new exit (range 13) 14614 | -6/Garrison | Triggered checkpoint 14620 | -6/Garrison | Triggered checkpoint 14709 | -6/Garrison | X0-1V1 rewrote H-81 Overseer IFF filter 14799 | -6/Garrison | Entered Factory 14799 | -5/Factory | Accompanied by 1 ally 14799 | -5/Factory | Evolved 2 slots: Utility x2 14804 | -5/Factory | Discovered new exit (range 0) 14804 | -5/Factory | X0-1V1 sent you to a vault 14840 | -5/Factory | Found Prototype Processor 14840 | -5/Factory | Identified Exp. Signal Interpreter 14871 | -5/Factory | Identified exit to Factory 14882 | -5/Factory | Found Prototype Slashing Weapon 14882 | -5/Factory | Identified Hvy. Scimitar of Distortion 14950 | -5/Factory | Assembled infested ambush trap array 14988 | -5/Factory | Garrison activated, responded to threat 14996 | -5/Factory | Identified exit to Garrison 14996 | -5/Factory | Entered Garrison 15024 | -5/Garrison | Expanded RIF knowledge: Coupler Efficiency 15038 | -5/Garrison | Triggered checkpoint 15081 | -5/Garrison | Garrison Relay disabled 15232 | -5/Garrison | Spotted B-75 Beast 15247 | -5/Garrison | Assimilated Beast 6a with formatsys_high 15259 | -5/Garrison | Triggered checkpoint 15284 | -5/Garrison | Triggered checkpoint 15317 | -5/Garrison | X0-1V1 sent allied Scrapper (x4) 15318 | -5/Garrison | Triggered checkpoint 15354 | -5/Garrison | Lost 3 allies 15484 | -5/Garrison | Triggered checkpoint 15486 | -5/Garrison | Garrison Relay disabled 15610 | -5/Garrison | X0-1V1 activates XOMVISION 15618 | -5/Garrison | Spotted B-75 Beast 15622 | -5/Garrison | Weapon slot count temporarily expanded by X0-1V1 (+2) 15648 | -5/Garrison | Destroyed B-75 Beast 15667 | -5/Garrison | Lost 3 allies 15710 | -5/Garrison | Found Relay Coupler [Proto] 15713 | -5/Garrison | Found Relay Coupler [Proto] 15716 | -5/Garrison | Found Relay Coupler [Proto] 15721 | -5/Garrison | Found Relay Coupler [Proto] 15881 | -5/Garrison | Spotted B-75 Beast 15887 | -5/Garrison | X0-1V1 sent allied Knight (x1) 15891 | -5/Garrison | Discovered exit to Factory (range 12) 15903 | -5/Garrison | Build established: Botlord-Executioner 15913 | -5/Garrison | Allies destroyed B-75 Beast 15946 | -5/Garrison | Triggered checkpoint 15975 | -5/Garrison | Garrison Relay disabled 16034 | -5/Garrison | X0-1V1 activates XOMVISION 16190 | -5/Garrison | X0-1V1 revealed exit location to -4/Factory 16236 | -5/Garrison | Discovered exit to Factory (range 62) 16236 | -5/Garrison | Discovered exit to Factory (range 93) 16236 | -5/Garrison | Discovered exit to Factory (range 20) 16268 | -5/Garrison | Triggered checkpoint 16277 | -5/Garrison | Spotted Striker 16277 | -5/Garrison | Spotted Striker 16304 | -5/Garrison | Destroyed Striker 16306 | -5/Garrison | Allies destroyed Striker 16349 | -5/Garrison | Entered Factory 16349 | -4/Factory | Accompanied by 5 allies 16349 | -4/Factory | Evolved 2 slots: Propulsion x2 16420 | -4/Factory | X0-1V1 sent you to a vault 16481 | -4/Factory | Found Prototype Device 16481 | -4/Factory | Identified Imp. Particle Accelerator 16486 | -4/Factory | Found Prototype Device 16486 | -4/Factory | Identified Exp. Transmission Jammer 16489 | -4/Factory | X0-1V1 vaporized surrounding terrain (radius 16) 16519 | -4/Factory | Build established: Botlord-Tank 16533 | -4/Factory | Spotted B-86 Titan 16535 | -4/Factory | Garrison activated, responded to threat 16550 | -4/Factory | Garrison activated, responded to threat 16610 | -4/Factory | Discovered new exit (range 15) 16627 | -4/Factory | Identified exit to Garrison 16627 | -4/Factory | Entered Garrison 16627 | -4/Garrison | Accompanied by 1 ally 16658 | -4/Garrison | Expanded RIF knowledge: Program Shield 16689 | -4/Garrison | Found embedded Infiltrators 16691 | -4/Garrison | Triggered checkpoint 16746 | -4/Garrison | Garrison Relay disabled 16751 | -4/Garrison | Lost 3 allies 16860 | -4/Garrison | Spotted B-86 Titan 16872 | -4/Garrison | X0-1V1 whisked you away to safety 16907 | -4/Garrison | Garrison Relay disabled 16919 | -4/Garrison | Triggered checkpoint 17174 | -4/Garrison | Discovered new exit (range 12) 17343 | -4/Garrison | Destroyed B-86 Titan 17377 | -4/Garrison | Triggered checkpoint 17425 | -4/Garrison | Triggered checkpoint 17521 | -4/Garrison | Garrison Relay disabled 17579 | -4/Garrison | Discovered new exit (range 11) 17635 | -4/Garrison | Triggered checkpoint 17829 | -4/Garrison | Triggered checkpoint 17839 | -4/Garrison | Discovered new exit (range 15) 17982 | -4/Garrison | Entered Research 17982 | -3/Research | Accompanied by 4 allies 17982 | -3/Research | Evolved 2 slots: Utility x2 18026 | -3/Research | Discovered new exit (range 15) 18075 | -3/Research | Lost 4 allies 18099 | -3/Research | Spotted B-86 Titan 18112 | -3/Research | Assimilated Titan 8a with formatsys_high 18322 | -3/Research | Spotted B-86 Titan 18350 | -3/Research | Destroyed B-86 Titan 18476 | -3/Research | Found Powered Armor 18542 | -3/Research | Entered Armory 18542 | -3/Armory | Accompanied by 2 allies 18844 | -3/Armory | Weapon slot count temporarily expanded by X0-1V1 (+3) 19110 | -3/Armory | X0-1V1 announced a LAN party 19149 | -3/Armory | Build established: Botlord-Executioner 19310 | -3/Armory | Lgt. Quantum Reactor reconfigured into Item Mimic 19543 | -3/Armory | System corruption reached 10% 19579 | -3/Armory | System corruption reached 30% 19625 | -3/Armory | Lost 6 parts (2p2u2w) 19657 | -3/Armory | Core integrity restored by X0-1V1 (+325) 19659 | -3/Armory | Destroyed 11 combat bots 19796 | -3/Armory | Discovered new exit (range 4) 19813 | -3/Armory | Entered Research 19813 | -2/Research | Evolved 2 slots: Utility x1, Weapon x1 20038 | -2/Research | Identified exit to Garrison 20038 | -2/Research | Entered Garrison 20092 | -2/Garrison | Triggered checkpoint 20096 | -2/Garrison | Identified exit to Access 20096 | -2/Garrison | X0-1V1 revealed exit location to -1/Access 20116 | -2/Garrison | Learned Access security intel 20129 | -2/Garrison | Garrison Relay disabled 20180 | -2/Garrison | X0-1V1 mutated your Weapon slot to Utility slot 20236 | -2/Garrison | Triggered checkpoint 20308 | -2/Garrison | Triggered checkpoint 20383 | -2/Garrison | X0-1V1 sent allied B-74 Champion (x3) 20440 | -2/Garrison | Destroyed Executioner 20455 | -2/Garrison | Lost 3 allies 20459 | -2/Garrison | Found Prototype Processor 20459 | -2/Garrison | Identified Exp. Core Analyzer 20482 | -2/Garrison | Found Prototype Device 20482 | -2/Garrison | Identified Adv. Kinecellerator 20545 | -2/Garrison | Build established: Botlord-Tank 20556 | -2/Garrison | Garrison Relay disabled 20610 | -2/Garrison | Discovered exit to Access (range 9) 20633 | -2/Garrison | Spotted B-75 Beast 20637 | -2/Garrison | Rewired B-90 Cyclops 20639 | -2/Garrison | Rewired B-90 Cyclops 20723 | -2/Garrison | Triggered checkpoint 20924 | -2/Garrison | Triggered checkpoint 20942 | -2/Garrison | Garrison Relay disabled 20989 | -2/Garrison | Expanded RIF knowledge: Code Merge 21135 | -2/Garrison | X0-1V1 revealed exit location to -1/Access 21218 | -2/Garrison | Triggered checkpoint 21248 | -2/Garrison | Garrison Relay disabled 21262 | -2/Garrison | X0-1V1 activates XOMVISION 21365 | -2/Garrison | Entered Access 21365 | -1/Access | Accompanied by 5 allies 21365 | -1/Access | Evolved 2 slots: Power x1, Propulsion x1 21390 | -1/Access | Identified exit to Command 21544 | -1/Access | Energy Cycler disabled 21737 | -1/Access | Lost 6 allies 21820 | -1/Access | X0-1V1 sent hostile B-90 Cyclops (x1) 21822 | -1/Access | Spotted B-90 Cyclops 21823 | -1/Access | Assimilated Cyclops 10a with formatsys_high 22101 | -1/Access | Spotted B-99 Colossus 22101 | -1/Access | Spotted B-99 Colossus 22148 | -1/Access | Assimilated Colossus 10a with formatsys_high 22149 | -1/Access | Assimilated Colossus 10b with formatsys_high 22192 | -1/Access | Entered Command 22192 | -1/Command | Accompanied by 2 allies 22248 | -1/Command | Found Heavy Servo Lattice 22313 | -1/Command | Spotted B-99 Colossus 22325 | -1/Command | Assimilated Colossus 10c with formatsys_high 22398 | -1/Command | Spotted B-99 Colossus 22398 | -1/Command | Spotted B-99 Colossus 22398 | -1/Command | Spotted Executioner 22398 | -1/Command | Spotted Executioner 22398 | -1/Command | Spotted Executioner 22398 | -1/Command | Spotted Executioner 22398 | -1/Command | Spotted Striker 22398 | -1/Command | Spotted Striker 22398 | -1/Command | Spotted Alpha 7 22398 | -1/Command | Spotted Alpha 7 22398 | -1/Command | X0-1V1 sent you into danger 22401 | -1/Command | Discovered new exit (range 7) 22403 | -1/Command | Assimilated Colossus 10d with formatsys_high 22410 | -1/Command | Allies destroyed Alpha 7 22428 | -1/Command | Assimilated Colossus 10e with formatsys_high 22435 | -1/Command | Allies destroyed Executioner 22438 | -1/Command | Allies destroyed Executioner 22442 | -1/Command | Destroyed Striker 22475 | -1/Command | Destroyed Executioner 22485 | -1/Command | Destroyed Striker 22493 | -1/Command | Allies destroyed Alpha 7 22496 | -1/Command | Core integrity fell below 50% 22526 | -1/Command | Lost 19 parts (1p4n4u10w) 22533 | -1/Command | Found Prototype Ballistic Gun 22533 | -1/Command | Identified Multirail 22559 | -1/Command | Found Prototype Device 22559 | -1/Command | Identified Exp. ECM Suite 22563 | -1/Command | Found Prototype Processor 22563 | -1/Command | Identified Exp. Target Analyzer 22568 | -1/Command | Found Prototype Processor 22568 | -1/Command | Identified Exp. Targeting Computer 22589 | -1/Command | Found Exp. Core Analyzer 22597 | -1/Command | Found Exp. Targeting Computer 22605 | -1/Command | Found Exp. Core Analyzer 22614 | -1/Command | Found Multirail 23126 | -1/Command | Spotted M Guard 23128 | -1/Command | Spotted M Guard 23137 | -1/Command | Spotted Combat Programmer 23137 | -1/Command | Spotted Combat Programmer 23161 | -1/Command | Destroyed Combat Programmer 23173 | -1/Command | Destroyed Combat Programmer 23180 | -1/Command | Assimilated M Guard with formatsys_high 23184 | -1/Command | Destroyed M Guard 23213 | -1/Command | Found Prototype Reactor 23213 | -1/Command | Identified Zero-point Reactor 23233 | -1/Command | X0-1V1 activates XOMVISION 23339 | -1/Command | Met MAIN.C 23346 | -1/Command | 0b10 Conduit disabled 23357 | -1/Command | Assimilated Colossus 10c with formatsys_high 23368 | -1/Command | All MAIN.C guards destroyed 23377 | -1/Command | Destroyed MAIN.C Shell 23380 | -1/Command | MAIN.C activated Command garrisons 23402 | -1/Command | Destroyed MAIN.C 23414 | -1/Command | X0-1V1 sent you to a vault 23418 | -1/Command | Found Prototype Special Weapon 23418 | -1/Command | Identified Gui. Remote Datajack 23422 | -1/Command | Found Zero-point Reactor 23432 | -1/Command | Lrg. Botcube activated 23450 | -1/Command | Lrg. Botcube completed mutation into wheeled form, armed with 3 guns, 1 cannon 23546 | -1/Command | Found Botcube 23552 | -1/Command | Found Botcube 23592 | -1/Command | Build established: Scavenger-Gunner 23792 | -1/Command | Identified exit to Access_0 23792 | -1/Command | X0-1V1 revealed exit location to -1/Access_0 24137 | -1/Command | Discovered new exit (range 37) 24137 | -1/Command | Discovered new exit (range 82) 24137 | -1/Command | Extracted map data and part IDs from MAIN.C's data core 24137 | -1/Command | Core integrity restored by X0-1V1 (+310) 24441 | -1/Command | System corruption reached 10% 24595 | -1/Command | Found Corrupted Exp. Targeting Computer 24666 | -1/Command | X0-1V1 sent hostile Fireman (x3) 24721 | -1/Command | Botcube activated 24745 | -1/Command | Botcube completed mutation into legged form, armed with 2 cannons 25012 | -1/Command | X0-1V1 sent hostile X-87 Electro (x3) 25091 | -1/Command | Botcube activated 25320 | *** | Establishing 0b11! Last Messages --------------- 25109_ System corrupted: Component data lost. 25126_ X0-1V1: "In a world full of sensor tech, vision is overrated." (-9 sight range) 25130_ System corrupted: Matter fused (-5). 25175_ ZK/P7I4DYWVUFE0>TXGSS2G1